 Dungeon Crawl Stone Soup version 0.28-a0-1344-g6b9ff3a05d (webtiles) character file.

Game seed: 9635530554756514228

147 Delamore the Skirmisher (level 5, -3/34 HPs)
             Began as a Gargoyle Fighter on Dec 29, 2021.
             Killed from afar by a white imp (6 damage)
             ... with a puff of frost
             ... summoned by Natasha
             ... on level 3 of the Dungeon.
             The game lasted 00:02:33 (3550 turns).

Delamore the Skirmisher (Gargoyle Fighter)          Turns: 3550, Time: 00:02:34

Health: -3/34      AC: 14    Str: 21    XL:     5   Next: 29%
Magic:  5/5        EV:  7    Int:  9    God:
Gold:   114        SH:  4    Dex:  9    Spells: 4/4 levels left

rFire   . . .      SeeInvis .   a - +1 flail
rCold   . . .      Faith    +   c - +0 buckler
rNeg    + . .      Spirit   .   o - +0 chain mail
rPois   ∞          Reflect  .   (no helmet)
rElec   +          Harm     .   b - +0 cloak
rCorr   .          Rampage  .   (no gloves)
Will    .....                   (no boots)
Stlth   ..........              e - amulet of faith
HPRegen 0.11/turn               (no ring)
MPRegen 0.09/turn               (no ring)

@: hasted, very quick
A: sickness immunity, AC +4, negative energy resistance 1, electricity
resistance, torment resistance 1, petrification resistance
a: no special abilities


You were on level 3 of the Dungeon.
You visited 1 branch of the dungeon, and saw 3 of its levels.

You collected 114 gold pieces.

Inventory:

Hand Weapons
 a - a +1 flail (weapon)
 l - a +0 whip
Armour
 b - a +0 cloak (worn)
 c - a +0 buckler (worn)
 o - a +0 chain mail (worn)
Jewellery
 e - an amulet of faith (around neck)
Scrolls
 f - a scroll of fear
 h - a scroll of identify
 k - a scroll of enchant weapon
Potions
 d - a potion of might
 g - a potion of flight
 n - a potion of invisibility {unknown}


   Skills:
 + Level 4.5 Fighting
 + Level 3.4 Maces & Flails
 - Level 3.2 Armour
 + Level 4.5 Shields


You had 4 spell levels left.
You didn't know any spells.
Your spell library was empty.

Dungeon Overview and Level Annotations

Branches:
Dungeon (3/15)

Altars:

Shops:
D:2 :

Annotations:
D:3 Natasha


Innate Abilities, Weirdness & Mutations

You are immune to sickness and miasma.
Your stone body is resilient. (AC +4)
You are immune to poison.
You resist negative energy. (rN+)
You are resistant to electric shocks. (rElec)
You are resistant to unholy torment.
You are immune to petrification.


Message History

You hit Natasha.
Natasha is lightly wounded.
Natasha claws you.
* * * LOW HITPOINT WARNING * * *
The white imp barely misses you.
The shadow imp shouts, "Accept thy failure, thou lumpish knotty-pated nert!"
The shadow imp hits you but does no damage.
You block Natasha's attack. The white imp gestures at you.
The puff of frost hits you.
* * * LOW HITPOINT WARNING * * *
It was a potion of ambrosia.
You are confused.
You feel invigorated. The white imp gestures at you.
The puff of frost hits you but does no damage.
The shadow imp closely misses you. Natasha claws you.
* * * LOW HITPOINT WARNING * * *
It was a potion of haste.
You feel yourself speed up.
The shadow imp disappears in a puff of smoke!
The white imp gestures at you. The puff of frost hits you.
* * * LOW HITPOINT WARNING * * *
Natasha claws you.
* * * LOW HITPOINT WARNING * * *
You're too confused to move!
You feel less invigorated.
You feel less confused. The white imp gestures at you.
The puff of frost hits you but does no damage.
Natasha casts a spell at you.
The magic dart hits you but does no damage.
The white imp barely misses you.
Natasha mumbles some strange words.
The white imp gestures at you. The puff of frost hits you!
* * * LOW HITPOINT WARNING * * *
Natasha claws you but does no damage. The white imp gestures at you.
The puff of frost hits you.
You die...

....# #.# #.........#### ....#
######'###...)......... ....#
#........)...###+###### ....#
#............# .. #####
#...........(# ########
##....5...#### #....... ########
#......h.# #.###### #......#
#......5.# #.# ### #......#
#####@#### #.####..
#......########'## ######.#.....
#................# #...##.......
#................# #...##...##..
#................###...##...####
#......#####....................
#......# #.............#..####
#......# #.............#..# #.
#......# #.............#..# #.


You could see Natasha, a white imp (summoned) and a shadow imp (summoned).

Vanquished Creatures
  Crazy Yiuf (D:2)
  Natasha (twice) (D:3)
  An adder (D:2)
  A worm (D:2)
  5 ball pythons
  5 endoplasms
  2 giant cockroaches (D:1)
  5 goblins
  11 hobgoblins
  3 jackals (D:1)
  4 quokkas
  3 bats
  2 frilled lizards (D:1)
  5 kobolds
  2 rats (D:2)
52 creatures vanquished.

Notes
Turn   | Place    | Note
-------+----------+-------------------------------------------
     0 | D:1      | Delamore the Gargoyle Fighter began the quest for the Orb.
     0 | D:1      | Reached XP level 1. HP: 14/14 MP: 1/1
   262 | D:1      | Reached XP level 2. HP: 19/19 MP: 2/2
   925 | D:1      | Reached XP level 3. HP: 23/24 MP: 3/3
  1282 | D:1      | Found a faded altar of an unknown god.
  1434 | D:2      | Found Lanocufo's Book Shop.
  1801 | D:2      | Found a runed translucent door.
  1864 | D:2      | Reached XP level 4. HP: 29/29 MP: 4/4
  2437 | D:2      | Noticed Crazy Yiuf
  2657 | D:2      | Killed Crazy Yiuf
  3086 | D:3      | Noticed Natasha
  3096 | D:3      | Killed Natasha
  3097 | D:3      | Reached XP level 5. HP: 29/34 MP: 5/5
  3203 | D:3      | Noticed Natasha
  3212 | D:3      | Killed Natasha
  3524 | D:3      | Noticed Natasha
  3550 | D:3      | Killed from afar by a white imp

Illustrated notes

Levels and vault maps discovered:
D:1:      lightli_arrival_quake, layout_loops_cross,
          dilly_ecumenical_altar_fadedgnrine, st_stairs_9
D:2:      layout_basic, serial_shops, shop_statue, uniq_crazy_yiuf_cottage
D:3:      layout_basic, kennysheep_generic_room_14, uniq_natasha

Skill      XL: |  1  2  3  4 |
---------------+-------------+-----
Fighting       | 4 |  4.5
Shields        | 4 |  4.5
Maces & Flails | 3 |  3.4
Armour         | |  3.2

Action                   |  1- 3 |  4- 6 || total
-------------------------+-------+-------++-------
Melee: Flail             |   125 |    71 ||   196
  Use: Scroll            |       |     6 ||     6
       Potion            |       |     2 ||     2
Armor: Scale mail        |    68 |     5 ||    73
       Chain mail        |       |    40 ||    40
Dodge: Dodged            |    58 |    30 ||    88
Block: Buckler           |    27 |    25 ||    52

Table legend: (Time is in decaauts)
 A = Elapsed time spent in this place.
 B = Non-inter-level travel time spent in this place.
 C = Inter-level travel time spent in this place.
 D = Time resting spent in this place.
 E = Time spent auto-exploring this place.
 F = Levels seen in this place.
 G = Mean time per level.
                   A        B        C        D        E       F      G
               +--------+--------+--------+--------+--------+-----+--------+
         Total |   3629 |   3531 |     98 |    461 |   2600 |   3 | 1209.7 |
       Dungeon |   3629 |   3531 |     98 |    461 |   2600 |   3 | 1209.7 |
               +--------+--------+--------+--------+--------+-----+--------+

Top non-repeatable levels by time:
     D:2: 1543 daAuts
     D:1: 1451 daAuts
     D:3: 634 daAuts
